 Dungeon Crawl Stone Soup version 0.28.0-49-g6dfe1f597d (webtiles) character file.

Game seed: 12140530211724472291

54 Gabide the Poker (level 3, -3/29 HPs)
             Began as a Mummy Monk on May 13, 2022.
             Shot with a stone by a goblin (4 damage)
             ... on level 2 of the Dungeon.
             The game lasted 00:02:13 (1805 turns).

Gabide the Poker (Mummy Monk)                       Turns: 1805, Time: 00:02:14

Health: -3/29      AC:  2    Str: 16    XL:     3   Next: 66%
Magic:  3/3        EV: 12    Int:  9    God:
Gold:   54         SH:  0    Dex: 14    Spells: 2/2 levels left

rFire   x . .      SeeInvis .   a - +0 spear
rCold   + . .      Faith    .   (no shield)
rNeg    + + +      Spirit   .   b - +0 robe
rPois   ∞          Reflect  .   (no helmet)
rElec   .          Harm     .   (no cloak)
rCorr   .          Rampage  .   (no gloves)
Will    .....                   (no boots)
Stlth   ++........              (no amulet)
HPRegen 0.09/turn               (no ring)
MPRegen 0.08/turn               (no ring)

@: about to teleport
A: cold resistance 1, negative energy resistance 3, torment resistance 2, heat
vulnerability 1, no potions
a: no special abilities


You were on level 2 of the Dungeon.
You visited 1 branch of the dungeon, and saw 2 of its levels.

You collected 54 gold pieces.

Inventory:

Hand Weapons
 a - a +0 spear (weapon)
Armour
 b - a +0 robe (worn)
Scrolls
 d - a scroll of immolation {unknown}


   Skills:
 - Level 3.0 Fighting
 + Level 3.9 Polearms
 - Level 2.4 Dodging
 - Level 1.5 Stealth


You had 2 spell levels left.
You didn't know any spells.
Your spell library was empty.

Dungeon Overview and Level Annotations

Branches:
Dungeon (2/15)

Altars:


Innate Abilities, Weirdness & Mutations

You are immune to poison.
Your flesh is cold resistant. (rC+)
You are immune to negative energy. (rN+++)
You are immune to unholy pain and torment.
You are vulnerable to heat. (rF-)
You do not drink.


Message History

You are too injured to fight recklessly!
You are too injured to fight recklessly!
You are too injured to fight recklessly!
You are too injured to fight recklessly!
You are too injured to fight recklessly!
You are too injured to fight recklessly!
You are too injured to fight recklessly!
You are too injured to fight recklessly!
You are too injured to fight recklessly!
You are too injured to fight recklessly!
You are too injured to fight recklessly!
You are too injured to fight recklessly!
You are too injured to fight recklessly!
You are too injured to fight recklessly!
You are too injured to fight recklessly!
The goblin unwields a +0 club.
The goblin wields a +0 hunting sling.
The goblin shoots a stone.
The stone closely misses you. The endoplasm barely misses you.
The goblin shoots a stone.
The stone hits you.
The goblin shoots a stone.
The stone completely misses you.
You hit the endoplasm.
The endoplasm is lightly wounded.
The endoplasm freezes you.
You are frozen.
You resist.
You hit the endoplasm.
You kill the endoplasm!
The goblin shoots a stone.
The stone hits you.
The goblin shoots a stone.
The stone misses you. The dart slug launches a dart at you.
The slug dart hits you.
* * * LOW HITPOINT WARNING * * *
The goblin shoots a stone.
The stone hits you.
* * * LOW HITPOINT WARNING * * *
The goblin shoots a stone.
The stone hits you.
* * * LOW HITPOINT WARNING * * *
You can't drink.
As you read the scroll labelled YMESOR XUNK, it crumbles to dust.
You feel strangely unstable.
It was a scroll of teleportation.
The goblin shoots a stone.
The stone hits you.
You die...

#...............†.....#....
#.........#..#....###.#..##
##...........###............
######.........#..# ##..........#
#.................####..........#
########..##.##......g)†.........
#.###.##.#.##.............
#######.###..#.#.##g............
##...##...###...@.............#..
#..........#.....................
...^.............................
............###.......>..........
............# #..................
#..........## #..................
##...##.<..# #..................
#######.### #..................
#######..# ####..####.......


You could see a goblin.

Vanquished Creatures
  2 adders (D:2)
  7 endoplasms
  2 giant cockroaches
  4 goblins (D:1)
  3 hobgoblins
  2 quokkas
  4 ball pythons
  A bat (D:2)
  A frilled lizard (D:1)
  A kobold (D:1)
  10 rats
37 creatures vanquished.

Notes
Turn   | Place    | Note
-------+----------+-------------------------------------------
     0 | D:1      | Gabide the Mummy Monk began the quest for the Orb.
     0 | D:1      | Reached XP level 1. HP: 18/18 MP: 1/1
   721 | D:1      | Reached XP level 2. HP: 23/24 MP: 2/2
  1477 | D:2      | Reached XP level 3. HP: 29/29 MP: 3/3
  1802 | D:2      | HP: 1/29 [goblin/stone (2)]
  1805 | D:2      | Shot with a stone by a goblin

Illustrated notes

Levels and vault maps discovered:
D:1:      lemuel_arrival_funnel, layout_basic, corexii_hall_statues_l
D:2:      layout_rooms, st_stairs_6

Skill      XL: |  1  2 |
---------------+-------+-----
Polearms       | 3 |  3.9
Fighting       | |  3.0
Dodging        | |  2.4
Stealth        | |  1.5

Action                   || total
-------------------------++-------
Melee: Spear             ||   156
       Punch             ||     3
  Use: Scroll            ||     1
 Stab: Sleeping          ||     7
       Distracted        ||     1
Armor: Robe              ||    14
Dodge: Dodged            ||    77
